 Dungeon Crawl Stone Soup version 0.31.0-9-g3a7656b989 (webtiles) character file.

Game seed: 9263853841835680934

4123 Kenran the Skirmisher (level 10, -3/87 HPs)
             Began as a Spriggan Hunter on Jan 31, 2024.
             Was an Elder of Okawaru.
             Shot with an arrow by a centaur (8 damage)
             ... on level 9 of the Dungeon.
             The game lasted 00:18:22 (8033 turns).

Kenran the Skirmisher (Spriggan Hunter)             Turns: 8033, Time: 00:18:22

Health: -3/87      AC: 25    Str:  5 (7)  XL:     10   Next: 6%
Magic:  13/13      EV:  4    Int:  8 (10) God:    Okawaru [****..]
Gold:   475        SH:  0    Dex: 23 (24) Spells: 9/9 levels left

rFire   . . .        G - +0 arbalest
rCold   . . .        (shield currently unavailable)
rNeg    . . .        c - melded +0 robe
rPois   +            (helmet currently unavailable)
rElec   .            J - melded +0 cloak
rCorr   +            (gloves unavailable)
SInv    +            (boots unavailable)
Will    +....        F - amulet of the acrobat Stlth
                     k - ring of resist corrosion
HPRegen 0.34/turn    e - ring of flight
MPRegen 0.13/turn

%: acrobat
@: berserking, tree-form, acrobatic, very quick
A: stationary, stasis, torment immunity, boosted hp, very small, no large
weapons, unfitting armour, see invisible, (speed 3), (deformed body), frail 2,
(poison resistance)
a: Renounce Religion, Heroism, Finesse


You were on level 9 of the Dungeon.
You worshipped Okawaru.
Okawaru was greatly pleased with you.
You were a tree.
You visited 1 branch of the dungeon, and saw 9 of its levels.

You collected 499 gold pieces.
You spent 24 gold pieces at shops.

Inventory:

Hand Weapons
 a - a +0 shortbow
 b - a +2 dagger of venom
 G - a +0 arbalest (weapon)
Missiles
 v - a throwing net
Armour
 c - a +0 robe (melded)
 J - a +0 cloak (melded)
Jewellery
 e - a ring of flight (right branch)
 k - a ring of resist corrosion (left branch)
 D - a +6 ring of strength
 F - an amulet of the acrobat (around neck)
 H - a +6 ring of intelligence
Wands
 q - a wand of flame (17)
 z - a wand of mindburst (10)
 I - a wand of light (9)
Scrolls
 i - 7 scrolls of teleportation
 j - 2 scrolls of immolation {!r}
 m - a scroll of fog
 n - a scroll of brand weapon {unknown}
 o - a scroll of butterflies
 p - a scroll of poison {unknown}
 t - 4 scrolls of blinking {unknown}
 u - a scroll of enchant weapon {unknown}
 w - a scroll of vulnerability {unknown}
 x - 5 scrolls of revelation
 y - a scroll of amnesia
 L - a scroll of identify {@r1}
Potions
 d - 4 potions of lignification {!q}
 f - a potion of curing {unknown}
 g - a potion of berserk rage {!q}
 h - 2 potions of might {unknown}
 l - 2 potions of heal wounds {unknown}
 r - a potion of resistance {unknown}
 s - 2 potions of degeneration {!q}
 A - a potion of mutation {!q}
 B - a potion of enlightenment {unknown}
 C - a potion of haste {unknown}
 E - a potion of magic {unknown}
 K - a potion of ambrosia {unknown}


   Skills:
 - Level 4.0 Fighting
 + Level 11.6 Ranged Weapons
 - Level 6.0 Dodging
 - Level 10.0 Stealth
 - Level 3.0 Invocations
 - Level 3.0 Evocations


You had 9 spell levels left.
You didn't know any spells.
Your spell library contained the following spells:

 Spells                   Type           Power      Damage    Failure   Level
 Apportation              Tloc           0%         N/A       41%         1
 Foxfire                  Conj/Fire      0%         2x1d4     41%         1
 Necrotise                Necr           0%         1d4       41%         1
 Slow                     Hex            0%         N/A       41%         1
 Sting                    Conj/Alch      0%         1d3       41%         1
 Blink                    Tloc           0%         N/A       54%         2
 Ensorcelled Hibernation  Hex/Ice        0%         N/A       54%         2
 Lesser Beckoning         Tloc           0%         N/A       54%         2
 Mercury Vapours          Alch/Air       0%         N/A       54%         2
 Momentum Strike          Conj/Tloc      0%         3d8       54%         2
 Confusing Touch          Hex            0%         N/A       78%         3
 Fugue of the Fallen      Necr           0%         N/A       78%         3
 Gell's Gravitas          Tloc           0%         N/A       78%         3
 Mephitic Cloud           Conj/Alch/Air  0%         N/A       78%         3
 Sigil of Binding         Hex            0%         N/A       78%         3
 Teleport Other           Tloc           0%         N/A       78%         3
 Vampiric Draining        Necr           0%         2d6       78%         3
 Anguish                  Hex/Necr       0%         N/A       99%         4
 Dimensional Bullseye     Hex/Tloc       0%         N/A       99%         4
 Iskenderun's Mystic Bla  Conj/Tloc      0%         2d3       99%         4
 Petrify                  Alch/Erth      0%         N/A       99%         4
 Freezing Cloud           Conj/Ice/Air   0%         6-21      100%        5
 Dispersal                Tloc           0%         N/A       100%        6
 Plasma Beam              Fire/Air       0%         2x1d10    100%        6
 Starburst                Conj/Fire      0%         6d3       100%        6
 Chain Lightning          Conj/Air       0%         N/A       100%        9
 Summon Small Mammal      Summ           Unusable   N/A       N/A         1
 Tukima's Dance           Hex            Unusable   N/A       N/A         3

Dungeon Overview and Level Annotations

Branches:
Dungeon (9/15)             Temple (0/1) D:5
   Lair: D:8-11         Orc: D:9-12

Altars:
Ashenzari
Cheibriados
Dithmenos
Elyvilon
Gozag
Makhleb
Nemelex Xobeh
Okawaru
Qazlal
Ru
Trog
Yredelemnul
Zin

Shops:
D:1 ?

Annotations:
D:3 1 runed translucent door, CapUranus's ghost, amateur GrFi; Grinder
D:5 2 transporters, CapUranus's ghost, novice GrFi
D:7 3 runed translucent doors, exclusion: deep elf pyromancer, dertzug's ghost, novice TrFi
D:8 3 runed translucent doors, HourglassMan's ghost, novice DsGl


Innate Abilities, Weirdness & Mutations

You are a tree.
Your roots penetrate the ground, keeping you stationary.
You cannot be teleported.
You are immune to unholy pain and torment.
Your maximum health is greatly increased.
Your equipment is partially melded.
You are very small and have problems with some larger weapons.
You are too small for most types of armour.
You have supernaturally acute eyesight. (SInv)
((You cover ground extremely quickly. (Speed+++)))
((Armour fits poorly on your strangely shaped body.))
You are very frail. (-20% HP)
((Your system is resistant to poisons. (rPois)))


Message History

You kill the kobold!
The centaur shoots an arrow.
The arrow hits you!
The centaur shoots an arrow.
The arrow hits you!
* * * LOW HITPOINT WARNING * * *
Fire: G) +0 arbalest
Press: ? - help, Q - select action, (/) - cycle Shift-Dir - straight line, f - centaur
Aim: a centaur, wielding a +0 orcbow (76% to hit)
You shoot a bolt.
The bolt hits the centaur but does no damage.
The centaur shoots an arrow.
The arrow barely misses you.
The centaur shoots an arrow.
The arrow hits you.
* * * LOW HITPOINT WARNING * * *
It was a potion of degeneration.
There was something very wrong with that liquid.
You feel weakened.
You feel dopey.
You feel clumsy.
The centaur shoots an arrow.
The arrow closely misses you.
You turn into a tree.
Your +0 cloak melds into your body.
Your +0 robe melds into your body.
Your roots penetrate the ground.
The centaur shoots an arrow.
The arrow barely misses you.
The centaur shoots an arrow.
The arrow hits you.
* * * LOW HITPOINT WARNING * * *
It was a potion of mutation.
You feel extremely strange.
Your body twists and deforms.
You feel frail. x2
You feel resistant to poisons.
The centaur shoots an arrow.
The arrow hits you but does no damage.
It was a potion of berserk rage.
A red film seems to cover your vision as you go berserk!
You feel yourself moving faster!
You feel mighty!
The centaur shoots an arrow.
The arrow hits you but does no damage.
The centaur shoots an arrow.
The arrow hits you.
* * * LOW HITPOINT WARNING * * *
You are too berserk!
You are too berserk!
You are too berserk!
Unknown command.
You feel a strong urge to attack something.
The centaur shoots an arrow.
The arrow barely misses you.
Unknown command.
The centaur shoots an arrow.
The arrow hits you!
You die...

#.###. #.####.....
.#.....#######.).##.....
.................^......
........................
...............)).......
............)...........
........................
........................
.......♣................
......).................
..................).....
.................)......
...))c..................
.....)..................
........................
..).....................
..................


You could see a centaur.

Vanquished Creatures
  4 yaks (D:7)
  2 wyverns (D:9)
  A steam dragon (D:8)
  2 water moccasins
  An orc warrior (D:6)
  2 ice beasts
  A black bear (D:7)
  A sky beast (D:8)
  A phantom (D:6)
  A centaur (D:7)
  3 kobold brigands
  4 bullfrogs
  2 scorpions
  9 wights
  6 howler monkeys
  A bombardier beetle (D:3)
  8 orc priests
  3 hounds
  2 jellies (D:7)
  3 iron imps (D:5)
  Jessica (D:2)
  A sleepcap (D:4)
  Ijyb (D:3)
  An iguana (D:4)
  10 orc wizards
  4 gnolls (D:5)
  4 adders
  A dart slug (D:4)
  2 ribbon worms
  32 orcs
  6 ball pythons
  2 endoplasms
  3 giant cockroaches
  7 goblins
  4 hobgoblins
  7 jackals
  16 kobolds
  4 quokkas
  6 bats
  2 frilled lizards
  6 rats
177 creatures vanquished.

Notes
Turn   | Place    | Note
-------+----------+-------------------------------------------
     0 | D:1      | Kenran the Spriggan Hunter began the quest for the Orb.
     0 | D:1      | Reached XP level 1. HP: 10/10 MP: 2/2
   142 | D:1      | Reached XP level 2. HP: 15/15 MP: 3/3
   270 | D:1      | Found Fodov's Magic Scroll Shop.
   278 | D:1      | Bought a scroll of identify for 24 gold pieces
   622 | D:2      | Reached XP level 3. HP: 18/18 MP: 4/4
   798 | D:2      | Identified the +2 hand axe "Newtbane" {elec, rCorr}
  1088 | D:3      | Noticed Ijyb
  1113 | D:3      | Noticed Jessica
  1126 | D:2      | Killed Jessica
  1127 | D:2      | Reached XP level 4. HP: 23/23 MP: 5/5
  1195 | D:3      | Found a shadowy altar of Dithmenos.
  1326 | D:3      | Reached skill level 5 in Ranged Weapons
  1462 | D:3      | Killed Ijyb
  1481 | D:3      | Found an opulent altar of Gozag.
  1499 | D:3      | Reached XP level 5. HP: 26/26 MP: 6/6
  1669 | D:3      | Found a runed translucent door.
  1671 | D:3      | Noticed CapUranus's ghost (amateur GrFi)
  1723 | D:3      | Reached skill level 5 in Stealth
  1723 | D:3      | Noticed Grinder
  1873 | D:3      | Found a stormy altar of Qazlal.
  2063 | D:4      | Found a sacrificial altar of Ru.
  2104 | D:4      | Reached skill level 6 in Ranged Weapons
  2166 | D:4      | Found a bloodstained altar of Trog.
  2293 | D:4      | Reached XP level 6. HP: 30/30 MP: 7/7
  2679 | D:5      | Entered Level 5 of the Dungeon
  3054 | D:5      | Found a transporter.
  3057 | D:5      | Noticed CapUranus's ghost (novice GrFi)
  3061 | D:5      | Found a transporter.
  3112 | D:5      | Found a snail-covered altar of Cheibriados.
  3224 | D:5      | Noticed an ice beast
  3248 | D:5      | Killed an ice beast
  3249 | D:5      | Reached skill level 7 in Ranged Weapons
  3337 | D:5      | Reached XP level 7. HP: 32/35 MP: 8/8
  3443 | D:5      | Found an iron altar of Okawaru.
  3457 | D:5      | Became a worshipper of Warmaster Okawaru
  3486 | D:5      | Found a staircase to the Ecumenical Temple.
  3542 | D:5      | Reached skill level 8 in Ranged Weapons
  3788 | D:5      | Found a burning altar of Makhleb.
  4092 | D:6      | Reached * piety under Okawaru
  4407 | D:5      | Reached XP level 8. HP: 27/40 MP: 9/9
  4770 | D:6      | Reached skill level 9 in Ranged Weapons
  5014 | D:6      | Reached ** piety under Okawaru
  5448 | D:7      | Reached skill level 10 in Ranged Weapons
  5452 | D:7      | Reached skill level 1 in Invocations
  5452 | D:7      | Reached skill level 1 in Evocations
  5564 | D:7      | Got the Anthology of the Eagle
  5681 | D:7      | Found a runed translucent gate.
  5682 | D:7      | Found a runed translucent gate.
  5682 | D:7      | Identified the +11 plate armour of Autumn {rF+++ rC- rN+
                  | Will+}
  5683 | D:7      | Found a runed translucent gate.
  5684 | D:7      | Noticed dertzug's ghost (novice TrFi)
  5764 | D:7      | Reached XP level 9. HP: 45/45 MP: 12/12
  5800 | D:7      | Reached *** piety under Okawaru
  6134 | D:7      | Reached skill level 5 in Dodging
  6409 | D:7      | Noticed a deep elf pyromancer
  6963 | D:8      | Found a basalt altar of Yredelemnul.
  6989 | D:8      | Found a sparkling altar of Nemelex Xobeh.
  7358 | D:8      | Reached skill level 11 in Ranged Weapons
  7446 | D:8      | Found a runed translucent gate.
  7446 | D:8      | Found a runed translucent gate.
  7446 | D:8      | Noticed HourglassMan's ghost (novice DsGl)
  7447 | D:8      | Found a runed translucent gate.
  7528 | D:8      | Reached **** piety under Okawaru
  7539 | D:8      | Found a white marble altar of Elyvilon.
  7592 | D:8      | Found a glowing silver altar of Zin.
  7884 | D:9      | Found a broken altar of Ashenzari.
  7961 | D:9      | Reached skill level 10 in Stealth
  7961 | D:9      | Reached XP level 10. HP: 46/49 MP: 13/13
  8029 | D:9      | HP: 3/73 [centaur/arrow (4)]
  8030 | D:9      | Gained mutation: Armour fits poorly on your strangely
                  | shaped body. [potion of mutation]
  8030 | D:9      | Gained mutation: You are frail. (-10% HP) [potion of
                  | mutation]
  8030 | D:9      | Gained mutation: You are very frail. (-20% HP) [potion of
                  | mutation]
  8030 | D:9      | Gained mutation: Your system is resistant to poisons.
                  | (rPois) [potion of mutation]
  8033 | D:9      | Shot with an arrow by a centaur

Illustrated notes

Levels and vault maps discovered:
D:1:      minmay_arrival_plants_in_alcoves, layout_basic, serial_shops,
          nicolae_shop_statue_plus
D:2:      layout_rooms, serial_park_tiny_2, st_stairs_5
D:3:      layout_rooms, nicolae_qazlal_scattered_showers,
          nicolae_overflow_crystal_walls, mainiacjoe_overflow_small_starburst,
          ebering_ghost_inner_flame, minmay_crystal_room, uniq_ijyb,
          uniq_grinder, uniq_jessica
D:4:      layout_rooms, trog_three_pillars_becter, general_overflow_altar,
          kennysheep_small_spiral, serial_library_hellmonk_open_cross,
          chequers_serial_rivers_large_a, kennysheep_generic_room_16
D:5:      layout_basic, mainiacjoe_overflow_24_doors, amcnicky_altar_gilded,
          demons_altar, minmay_temple_entry_glassed_door, gammafunk_ghost_arena
D:6:      layout_basic, minivault_26, serial_library_hellmonk_double_dead_end,
          minmay_tree_intersection
D:7:      layout_basic, biasface_ghost_orc_armoury, guppyfry_early_elven_hall
D:8:      layout_basic, lemuel_coloured_pillars_altar, kennysheep_mini_moat,
          mainiacjoe_overflow_two_lobes, gammafunk_ghost_spectres
D:9:      layout_basic, mainiacjoe_overflow_catwalk

Skill      XL: |  1  2  3  4  5  6  7  8  9 |
---------------+----------------------------+-----
Stealth        | 3 4 5 10 | 10.0
Fighting       | 2 3 4 |  4.0
Dodging        | 3 6 |  6.0
Ranged Weapons | 5 6 7 8 10 11 | 11.6
Invocations    | 3 |  3.0
Evocations     | 3 |  3.0

Action                     |  1- 3 |  4- 6 |  7- 9 | 10-12 || total
---------------------------+-------+-------+-------+-------++-------
  Melee: Hand axe          |       |     3 |     7 |       ||    10
         Arbalest          |       |       |     1 |       ||     1
   Fire: Shortbow          |    95 |   175 |   181 |       ||   451
         Arbalest          |       |       |   170 |    25 ||   195
  Throw: Throwing net      |       |       |     1 |       ||     1
  Evoke: Wand              |       |       |     5 |       ||     5
    Use: Scroll            |     2 |       |     4 |       ||     6
         Potion            |       |       |     1 |     4 ||     5
 Armour: Robe              |     4 |    17 |    49 |     6 ||    76
         Skin              |       |       |    13 |     5 ||    18
  Dodge: Dodged            |    18 |    50 |    95 |    20 ||   183
